Rangers vs Bruins

Created - 23 janvier 2021 at 20:59

Goals
1 2 3 T
Rangers 1 1 1 3
Bruins 1 1 0 2
Shots
1 2 3 T
Rangers 8 11 9 28
Bruins 8 11 19 38

1st period

1. Rangers , Cam Atkinson 14 (Ryan McDonagh 22, Noel Acciari 12) at 3:44
2. Bruins , Tyler Bertuzzi 14 (Brady Skjei 15, Carl Hagelin 16) at 12:31

Penalties :
Zach Hyman (NYR) for Interference (Minor) at 19:08

2nd period

3. Rangers , Connor McDavid 28 (Alexander Radulov 22) at 6:05
4. Bruins , Michael Frolik 5 (Tyler Bertuzzi 22, Jordan Oesterle 16) at 14:31 (PP)

Penalties :
Matt Niskanen (NYR) for High sticking (Minor) at 13:26, David Savard (NYR) for Hooking (Minor) at 18:15

3rd period

5. Rangers , Alexander Radulov 17 (Connor McDavid 44) at 6:14

Penalties :
Tyler Bertuzzi (BOS) for Tripping (Minor) at 1:18, Nick Leddy (NYR) for Tripping (Minor) at 3:42, Noel Acciari (NYR) for Holding (Minor) at 16:21

Goalie Stats

Andrei Vasilevskiy (NYR), 36 saves from 38 shots - (0,947), W, 22-7-3, 60:00 minutes
Tristan Jarry (BOS), 25 saves from 28 shots - (0,893), L, 11-18-1, 59:29 minutes

Players Stats for Rangers

Player Name              G  A  P  +/- PIM S  H  SB GA TA FO     MP     PP MP  PK MP  
------------------------------------------------------------------------------------
Alexander Radulov        1  1  2   1  0   2  0  0  0  0  1/1    17:07   1:11   0:00 
Andrew Ladd              0  0  0   1  0   3  2  0  0  0  0/1    15:36   0:48   0:00 
Brandon Pirri            0  0  0   0  0   1  1  0  0  0  6/11    8:04   0:00   0:00 
Cam Atkinson             1  0  1   1  0   5  0  0  0  0  0/1    16:23   1:11   0:00 
Connor McDavid           1  1  2   1  0   5  1  0  0  0  7/22   17:07   1:11   0:00 
David Savard             0  0  0   1  2   2  2  5  0  0  0/0    20:42   1:20   3:47 
Devin Shore              0  0  0   0  0   0  0  0  0  0  2/3    10:24   0:00   2:20 
Dmitry Kulikov           0  0  0   1  0   1  1  3  0  0  0/0    18:23   1:20   2:08 
Erik Cernak              0  0  0   1  0   2  1  1  0  0  0/0    14:55   0:00   0:00 
Greg McKegg              0  0  0   0  0   0  3  0  0  0  1/1     9:23   0:00   0:10 
Matt Niskanen            0  0  0   0  2   1  4  2  0  0  0/0    23:21   0:39   4:14 
Milan Lucic              0  0  0   0  0   1  1  0  0  0  1/1     8:04   0:00   0:00 
Nick Bonino              0  0  0   0  0   1  2  0  0  0  14/26  15:38   0:00   5:26 
Nick Leddy               0  0  0   0  2   0  2  4  0  0  0/0    22:45   0:39   3:38 
Noel Acciari             0  1  1   1  2   2  0  1  0  0  12/21  18:37   0:48   2:27 
Ryan McDonagh            0  1  1   1  0   0  1  3  0  0  0/0    19:51   0:00   4:15 
Tom Kuhnhackl            0  0  0   0  0   1  3  0  0  0  0/0    13:21   0:00   3:09 
Zach Hyman               0  0  0   1  2   1  0  3  0  0  0/2    21:13   0:48   4:30 

Players Stats for Bruins

Player Name              G  A  P  +/- PIM S  H  SB GA TA FO     MP     PP MP  PK MP  
------------------------------------------------------------------------------------
Adam Henrique            0  0  0   1  0   3  1  0  0  0  14/31  22:42   5:10   0:00 
Alex Iafallo             0  0  0  -1  0   5  0  0  0  0  0/2    20:47   5:10   0:00 
Antoine Roussel          0  0  0  -2  0   0  1  0  0  0  0/0    17:24   0:00   0:34 
Brady Skjei              0  1  1   0  0   0  4  1  0  0  0/0    22:40   4:49   0:00 
Brett Pesce              0  0  0  -2  0   1  2  0  0  0  0/0    17:37   0:00   1:05 
Brian Dumoulin           0  0  0  -1  0   0  0  0  0  0  0/0    12:00   0:00   0:54 
Carl Hagelin             0  1  1   1  0   4  0  1  0  0  0/2    17:48   0:00   1:15 
Colton White             0  0  0   0  0   0  2  0  0  0  0/0    18:49   4:12   0:00 
Jan Rutta                0  0  0  -1  0   0  0  0  0  0  0/0     6:31   0:00   1:05 
Jordan Oesterle          0  1  1   0  0   4  1  0  0  0  0/0    21:41   4:49   0:00 
Lukas Vejdemo            0  0  0  -1  0   0  1  0  0  0  2/8     9:44   3:51   0:00 
Marcus Sorensen          0  0  0  -1  0   3  1  1  0  0  0/0    16:17   5:10   0:10 
Markus Nutivaara         0  0  0   0  0   2  1  0  0  0  0/0    20:42   4:12   0:54 
Michael Frolik           1  0  1  -1  0   4  0  0  0  0  0/0    18:29   3:51   0:00 
Radek Faksa              0  0  0  -1  0   3  1  1  0  0  11/20  15:12   0:00   0:34 
Tanner Fritz             0  0  0  -1  0   3  0  0  0  0  1/1     5:53   0:00   0:00 
Tyler Bertuzzi           1  1  2   1  2   3  1  0  0  0  1/1    21:22   3:51   0:00 
Vladimir Sobotka         0  0  0  -1  0   3  2  0  0  0  17/25  12:22   0:00   1:25 

3 Stars

1 - Connor McDavid (NYR)
2 - Alexander Radulov (NYR)
3 - Andrei Vasilevskiy (NYR)

Power Play

Rangers - 0 on 1 Attempt(s) - 0,00%
Bruins - 1 on 5 Attempt(s) - 20,00%

Penalty Kill

Rangers - 4 on 5 Attempt(s) - 80,00% - Score 0 goal in Penalty Kill
Bruins - 1 on 1 Attempt(s) - 100,00% - Score 0 goal in Penalty Kill

Team Stat

Rangers - Hits : 24 - Faceoff Wins : 44 - Blocked Shots : 22 - Penalty Minutes : 10
Bruins - Hits : 18 - Faceoff Wins : 46 - Blocked Shots : 4 - Penalty Minutes : 2

Official

Referees : Jon McIsaac and Gord Dwyer
Linesman : Kyle Allen and Kelsey Mahoney

Game Notes

No Game Note

Finance

Level 1 -- Attendance: 5740 (95,67%) -- Ticket Income 677 320 $
Level 2 -- Attendance: 4798 (95,96%) -- Ticket Income 359 850 $
Level 3 -- Attendance: 3500 (100,00%) -- Ticket Income 168 000 $
Level 4 -- Attendance: 2964 (93,21%) -- Ticket Income 88 920 $
Luxury Box -- Attendance: 1000 (100,00%) -- Ticket Income 211 000 $
Game was played at the TD Garden.
Total Attendance: 18002 (96,37%)
Total Ticket Income: 1 505 090 $
Other Income: 737 494 $
Total Income: 2 242 584 $

% Time on Ice - Rangers

Lines # - Real PCT - Wanted PCT - Time Play
Normal Forward
1 - 33% - 43% - 15:56
2 - 31% - 33% - 14:48
3 - 19% - 15% - 9:13
4 - 17% - 9% - 8:04
Normal Defense
1 - 36% - 44% - 17:30
2 - 32% - 33% - 15:36
3 - 31% - 23% - 14:55
4 - 0% - 0% - 0:00
PP Forward
1 - 60% - 53% - 1:11
2 - 40% - 47% - 0:48
PP Defense
1 - 33% - 53% - 0:39
2 - 67% - 47% - 1:20
PK Forward
1 - 63% - 55% - 5:42
2 - 37% - 45% - 3:19
PK Defense
1 - 53% - 55% - 4:46
2 - 47% - 45% - 4:15
PK3 Forward
1 - 0% - 55%
2 - 0% - 45%
PK3 Defense
1 - 0% - 55%
2 - 0% - 45%
44 Forward
1 - 0% - 55%
2 - 0% - 45%
44 Defense
1 - 0% - 55%
2 - 0% - 45%
Last Minute Offensive  - 0:00
Last Minute Defensive  - 0:59
Total
Forward - 60:00
Defense - 60:00

% Time on Ice - Bruins

Lines # - Real PCT - Wanted PCT - Time Play
Normal Forward
1 - 34% - 36% - 16:33
2 - 30% - 32% - 14:38
3 - 23% - 22% - 10:57
4 - 12% - 10% - 5:53
Normal Defense
1 - 35% - 36% - 16:52
2 - 30% - 32% - 14:37
3 - 23% - 21% - 11:06
4 - 11% - 11% - 5:26
PP Forward
1 - 57% - 55% - 5:10
2 - 43% - 45% - 3:51
PP Defense
1 - 53% - 60% - 4:49
2 - 47% - 40% - 4:12
PK Forward
1 - 71% - 60% - 1:25
2 - 29% - 40% - 0:34
PK Defense
1 - 55% - 60% - 1:05
2 - 45% - 40% - 0:54
PK3 Forward
1 - 0% - 54%
2 - 0% - 46%
PK3 Defense
1 - 0% - 60%
2 - 0% - 40%
44 Forward
1 - 0% - 55%
2 - 0% - 45%
44 Defense
1 - 0% - 60%
2 - 0% - 40%
Last Minute Offensive  - 0:59
Last Minute Defensive  - 0:00
Total
Forward - 60:00
Defense - 60:00

Play-by-Play

1st period


0:01 of 1st period - Adam Henrique wins face-off versus Connor McDavid in neutral zone.
0:13 of 1st period - Carl Hagelin is hit by Connor McDavid.
0:37 of 1st period - Shot by Carl Hagelin.
0:37 of 1st period - Stopped by Andrei Vasilevskiy without a rebound.
0:38 of 1st period - Radek Faksa wins face-off versus Noel Acciari in Rangers zone.
0:52 of 1st period - Michael Frolik is hit by Andrew Ladd and loses puck.
0:56 of 1st period - Icing by Markus Nutivaara.
0:57 of 1st period - Nick Bonino wins face-off versus Radek Faksa in Bruins zone.
1:13 of 1st period - Off-side.
1:14 of 1st period - Milan Lucic wins face-off versus Vladimir Sobotka in neutral zone.
1:18 of 1st period - Off-side.
1:19 of 1st period - Vladimir Sobotka wins face-off versus Noel Acciari in neutral zone.
1:32 of 1st period - Shot by Brian Dumoulin.
1:32 of 1st period - Shot Misses the Net.
1:34 of 1st period - Shot by Vladimir Sobotka.
1:34 of 1st period - Shot Misses the Net.
1:36 of 1st period - Shot by Brett Pesce.
1:36 of 1st period - Stopped by Andrei Vasilevskiy without a rebound.
1:37 of 1st period - Brandon Pirri wins face-off versus Carl Hagelin in Rangers zone.
1:47 of 1st period - Tyler Bertuzzi is hit by Milan Lucic and loses puck.
1:51 of 1st period - Tyler Bertuzzi is hit by Erik Cernak and loses puck.
2:36 of 1st period - Shot by Nick Leddy.
2:36 of 1st period - Deflect By Connor McDavid.
2:36 of 1st period - Shot Misses the Net.
3:44 of 1st period - Shot by Cam Atkinson.
3:44 of 1st period - Goal by Cam Atkinson - Rangers : 1 - Bruins : 0.
3:45 of 1st period - Greg McKegg wins face-off versus Radek Faksa in neutral zone.
3:54 of 1st period - Shot by Nick Bonino.
3:54 of 1st period - Shot Misses the Net.
4:04 of 1st period - Shot by Tom Kuhnhackl.
4:04 of 1st period - Deflect By Nick Bonino.
4:04 of 1st period - Shot Blocked by Radek Faksa.
4:14 of 1st period - Shot by Nick Bonino.
4:14 of 1st period - Shot Misses the Net.
4:20 of 1st period - Radek Faksa is hit by Greg McKegg and loses puck.
4:34 of 1st period - Off-side.
4:35 of 1st period - Connor McDavid wins face-off versus Adam Henrique in neutral zone.
4:37 of 1st period - Off-side.
4:38 of 1st period - Connor McDavid wins face-off versus Adam Henrique in neutral zone.
4:51 of 1st period - Shot by Connor McDavid.
4:51 of 1st period - Stopped by Tristan Jarry with a rebound.
4:53 of 1st period - Shot by Zach Hyman.
4:53 of 1st period - Shot Misses the Net.
4:55 of 1st period - Shot by Matt Niskanen.
4:55 of 1st period - Stopped by Tristan Jarry without a rebound.
4:56 of 1st period - Vladimir Sobotka wins face-off versus Noel Acciari in Bruins zone.
5:02 of 1st period - Off-side.
5:03 of 1st period - Radek Faksa wins face-off versus Connor McDavid in neutral zone.
5:11 of 1st period - Alex Iafallo is hit by Matt Niskanen and loses puck.
5:29 of 1st period - Alex Iafallo is hit by Matt Niskanen and loses puck.
6:22 of 1st period - Shot by Noel Acciari.
6:22 of 1st period - Stopped by Tristan Jarry without a rebound.
6:23 of 1st period - Adam Henrique wins face-off versus Nick Bonino in Bruins zone.
6:23 of 1st period - Adam Henrique is hit by Tom Kuhnhackl.
7:43 of 1st period - Shot by Andrew Ladd.
7:43 of 1st period - Stopped by Tristan Jarry without a rebound.
7:44 of 1st period - Radek Faksa wins face-off versus Brandon Pirri in Bruins zone.
8:09 of 1st period - Shot by Milan Lucic.
8:09 of 1st period - Shot Misses the Net.
8:11 of 1st period - Shot by Devin Shore.
8:11 of 1st period - Shot Misses the Net.
8:20 of 1st period - Shot by Milan Lucic.
8:20 of 1st period - Stopped by Tristan Jarry without a rebound.
8:21 of 1st period - Vladimir Sobotka wins face-off versus Connor McDavid in Bruins zone.
8:54 of 1st period - Icing by Antoine Roussel.
8:55 of 1st period - Vladimir Sobotka wins face-off versus Noel Acciari in Bruins zone.
8:55 of 1st period - Vladimir Sobotka is hit by Andrew Ladd.
9:47 of 1st period - Dmitry Kulikov is hit by Jordan Oesterle and loses puck.
10:44 of 1st period - Shot by Radek Faksa.
10:44 of 1st period - Stopped by Andrei Vasilevskiy with a rebound.
11:51 of 1st period - Shot by Lukas Vejdemo.
11:51 of 1st period - Shot Blocked by Ryan McDonagh.
12:11 of 1st period - Shot by Brandon Pirri.
12:11 of 1st period - Stopped by Tristan Jarry without a rebound.
12:12 of 1st period - Adam Henrique wins face-off versus Connor McDavid in Bruins zone.
12:19 of 1st period - Shot by Tyler Bertuzzi.
12:19 of 1st period - Shot Blocked by Nick Leddy.
12:27 of 1st period - Shot by Carl Hagelin.
12:27 of 1st period - Shot Misses the Net.
12:29 of 1st period - Shot by Brady Skjei.
12:29 of 1st period - Shot Blocked by Nick Leddy.
12:31 of 1st period - Shot by Tyler Bertuzzi.
12:31 of 1st period - Goal by Tyler Bertuzzi - Rangers : 1 - Bruins : 1.
12:32 of 1st period - Vladimir Sobotka wins face-off versus Brandon Pirri in neutral zone.
13:45 of 1st period - Shot by Carl Hagelin.
13:45 of 1st period - Shot Misses the Net.
14:21 of 1st period - Icing by Matt Niskanen.
14:22 of 1st period - Connor McDavid wins face-off versus Radek Faksa in Rangers zone.
14:53 of 1st period - Shot by Michael Frolik.
14:53 of 1st period - Shot Misses the Net.
14:55 of 1st period - Shot by Michael Frolik.
14:55 of 1st period - Stopped by Andrei Vasilevskiy without a rebound.
14:56 of 1st period - Vladimir Sobotka wins face-off versus Nick Bonino in Rangers zone.
15:09 of 1st period - Shot by Erik Cernak.
15:09 of 1st period - Stopped by Tristan Jarry without a rebound.
15:10 of 1st period - Brandon Pirri wins face-off versus Carl Hagelin in Bruins zone.
15:10 of 1st period - Erik Cernak is hit by Markus Nutivaara and loses puck.
15:24 of 1st period - Brandon Pirri is hit by Colton White and loses puck.
15:59 of 1st period - Adam Henrique is hit by Matt Niskanen and loses puck.
16:43 of 1st period - Shot by Alex Iafallo.
16:43 of 1st period - Shot Misses the Net.
16:52 of 1st period - Off-side.
16:53 of 1st period - Vladimir Sobotka wins face-off versus Nick Bonino in neutral zone.
16:55 of 1st period - Brian Dumoulin is hit by Ryan McDonagh and loses puck.
17:52 of 1st period - Shot by Carl Hagelin.
17:52 of 1st period - Stopped by Andrei Vasilevskiy without a rebound.
17:53 of 1st period - Radek Faksa wins face-off versus Connor McDavid in Rangers zone.
18:09 of 1st period - Shot by Radek Faksa.
18:09 of 1st period - Deflect By Alex Iafallo.
18:09 of 1st period - Shot Misses the Net.
18:11 of 1st period - Shot by Alex Iafallo.
18:11 of 1st period - Stopped by Andrei Vasilevskiy without a rebound.
18:12 of 1st period - Noel Acciari wins face-off versus Adam Henrique in Rangers zone.
18:30 of 1st period - Carl Hagelin is hit by Dmitry Kulikov and loses puck.
18:40 of 1st period - Shot by Tyler Bertuzzi.
18:40 of 1st period - Shot Misses the Net.
18:42 of 1st period - Shot by Jordan Oesterle.
18:42 of 1st period - Shot Blocked by Dmitry Kulikov.
18:44 of 1st period - Shot by Carl Hagelin.
18:44 of 1st period - Stopped by Andrei Vasilevskiy without a rebound.
18:45 of 1st period - Connor McDavid wins face-off versus Radek Faksa in Rangers zone.
18:45 of 1st period - Nick Leddy is hit by Radek Faksa and loses puck.
19:04 of 1st period - Connor McDavid is hit by Colton White and loses puck.
19:08 of 1st period - Minor Penalty to Zach Hyman for Interference.
19:09 of 1st period - Adam Henrique wins face-off versus Nick Bonino in Rangers zone.
19:32 of 1st period - Shot by Alex Iafallo.
19:32 of 1st period - Shot Misses the Net.
19:36 of 1st period - Shot by Alex Iafallo.
19:36 of 1st period - Shot Blocked by David Savard.
19:38 of 1st period - Shot by Alex Iafallo.
19:38 of 1st period - Shot Misses the Net.
Goals for this period are 1 for Rangers vs 1 for Bruins.
Shots for this period are 8 for Rangers vs 8 for Bruins.

2nd period


0:01 of 2nd period - Nick Bonino wins face-off versus Adam Henrique in neutral zone.
0:34 of 2nd period - Shot by Jordan Oesterle.
0:34 of 2nd period - Shot Misses the Net.
0:36 of 2nd period - Shot by Jordan Oesterle.
0:36 of 2nd period - Stopped by Andrei Vasilevskiy with a rebound.
0:38 of 2nd period - Shot by Jordan Oesterle.
0:38 of 2nd period - Shot Misses the Net.
1:04 of 2nd period - Shot by Markus Nutivaara.
1:04 of 2nd period - Stopped by Andrei Vasilevskiy without a rebound.
1:05 of 2nd period - Nick Bonino wins face-off versus Lukas Vejdemo in Rangers zone.
1:05 of 2nd period - Nick Bonino is hit by Lukas Vejdemo.
1:21 of 2nd period - Shot by Connor McDavid.
1:21 of 2nd period - Stopped by Tristan Jarry with a rebound.
1:23 of 2nd period - Shot by Erik Cernak.
1:23 of 2nd period - Stopped by Tristan Jarry without a rebound.
1:24 of 2nd period - Noel Acciari wins face-off versus Adam Henrique in Bruins zone.
1:33 of 2nd period - Shot by Cam Atkinson.
1:33 of 2nd period - Stopped by Tristan Jarry with a rebound.
1:35 of 2nd period - Shot by Noel Acciari.
1:35 of 2nd period - Stopped by Tristan Jarry without a rebound.
1:36 of 2nd period - Radek Faksa wins face-off versus Zach Hyman in Bruins zone.
2:22 of 2nd period - Icing by Ryan McDonagh.
2:23 of 2nd period - Adam Henrique wins face-off versus Connor McDavid in Rangers zone.
2:55 of 2nd period - Shot by Andrew Ladd.
2:55 of 2nd period - Stopped by Tristan Jarry without a rebound.
2:56 of 2nd period - Vladimir Sobotka wins face-off versus Nick Bonino in Bruins zone.
4:09 of 2nd period - Icing by Matt Niskanen.
4:10 of 2nd period - Noel Acciari wins face-off versus Adam Henrique in Rangers zone.
5:13 of 2nd period - Off-side.
5:14 of 2nd period - Radek Faksa wins face-off versus Devin Shore in neutral zone.
5:18 of 2nd period - Icing by Dmitry Kulikov.
5:19 of 2nd period - Brandon Pirri wins face-off versus Alex Iafallo in Rangers zone.
5:37 of 2nd period - Shot by Radek Faksa.
5:37 of 2nd period - Stopped by Andrei Vasilevskiy without a rebound.
5:38 of 2nd period - Vladimir Sobotka wins face-off versus Connor McDavid in Rangers zone.
5:48 of 2nd period - Off-side.
5:49 of 2nd period - Nick Bonino wins face-off versus Radek Faksa in neutral zone.
5:54 of 2nd period - Shot by Greg McKegg.
5:54 of 2nd period - Shot Misses the Net.
5:57 of 2nd period - Icing by Brady Skjei.
5:58 of 2nd period - Connor McDavid wins face-off versus Alex Iafallo in Bruins zone.
6:05 of 2nd period - Shot by Alexander Radulov.
6:05 of 2nd period - Deflect By Connor McDavid.
6:05 of 2nd period - Goal by Connor McDavid - Rangers : 2 - Bruins : 1.
6:06 of 2nd period - Adam Henrique wins face-off versus Connor McDavid in neutral zone.
6:11 of 2nd period - Shot by Tyler Bertuzzi.
6:11 of 2nd period - Deflect By Adam Henrique.
6:11 of 2nd period - Shot Misses the Net.
6:13 of 2nd period - Shot by Brady Skjei.
6:13 of 2nd period - Shot Misses the Net.
6:34 of 2nd period - Shot by Tyler Bertuzzi.
6:34 of 2nd period - Shot Misses the Net.
6:42 of 2nd period - Shot by Tyler Bertuzzi.
6:42 of 2nd period - Shot Blocked by Nick Leddy.
6:44 of 2nd period - Shot by Tyler Bertuzzi.
6:44 of 2nd period - Shot Misses the Net.
6:46 of 2nd period - Shot by Carl Hagelin.
6:46 of 2nd period - Shot Blocked by Zach Hyman.
7:01 of 2nd period - Icing by Colton White.
7:02 of 2nd period - Noel Acciari wins face-off versus Vladimir Sobotka in Bruins zone.
7:11 of 2nd period - Shot by Cam Atkinson.
7:11 of 2nd period - Shot Misses the Net.
7:13 of 2nd period - Shot by David Savard.
7:13 of 2nd period - Shot Blocked by Marcus Sorensen.
7:23 of 2nd period - Shot by Cam Atkinson.
7:23 of 2nd period - Stopped by Tristan Jarry without a rebound.
7:24 of 2nd period - Radek Faksa wins face-off versus Nick Bonino in Bruins zone.
7:36 of 2nd period - Michael Frolik is hit by Tom Kuhnhackl and loses puck.
7:42 of 2nd period - Icing by Brett Pesce.
7:43 of 2nd period - Noel Acciari wins face-off versus Radek Faksa in Bruins zone.
7:59 of 2nd period - Andrew Ladd is hit by Brett Pesce and loses puck.
8:08 of 2nd period - Shot by Andrew Ladd.
8:08 of 2nd period - Shot Misses the Net.
8:10 of 2nd period - Shot by Andrew Ladd.
8:10 of 2nd period - Stopped by Tristan Jarry with a rebound.
8:45 of 2nd period - Brady Skjei is hit by Matt Niskanen and loses puck.
8:58 of 2nd period - Shot by Connor McDavid.
8:58 of 2nd period - Stopped by Tristan Jarry with a rebound.
9:06 of 2nd period - Shot by Alexander Radulov.
9:06 of 2nd period - Stopped by Tristan Jarry without a rebound.
9:07 of 2nd period - Lukas Vejdemo wins face-off versus Brandon Pirri in Bruins zone.
9:25 of 2nd period - Shot by Tanner Fritz.
9:25 of 2nd period - Stopped by Andrei Vasilevskiy without a rebound.
9:26 of 2nd period - Vladimir Sobotka wins face-off versus Nick Bonino in Rangers zone.
9:56 of 2nd period - Nick Bonino is hit by Vladimir Sobotka and loses puck.
10:23 of 2nd period - Shot by Michael Frolik.
10:23 of 2nd period - Stopped by Andrei Vasilevskiy without a rebound.
10:24 of 2nd period - Adam Henrique wins face-off versus Connor McDavid in Rangers zone.
10:51 of 2nd period - Shot by Zach Hyman.
10:51 of 2nd period - Shot Blocked by Carl Hagelin.
10:53 of 2nd period - Shot by Ryan McDonagh.
10:53 of 2nd period - Shot Misses the Net.
10:55 of 2nd period - Shot by David Savard.
10:55 of 2nd period - Stopped by Tristan Jarry without a rebound.
10:56 of 2nd period - Noel Acciari wins face-off versus Radek Faksa in Bruins zone.
12:17 of 2nd period - Shot by David Savard.
12:17 of 2nd period - Shot Misses the Net.
13:02 of 2nd period - Carl Hagelin is hit by Nick Leddy and loses puck.
13:15 of 2nd period - Shot by Matt Niskanen.
13:15 of 2nd period - Shot Misses the Net.
13:24 of 2nd period - Carl Hagelin is hit by Nick Leddy and loses puck.
13:26 of 2nd period - Minor Penalty to Matt Niskanen for High sticking.
13:27 of 2nd period - Noel Acciari wins face-off versus Adam Henrique in Rangers zone.
13:45 of 2nd period - Shot by Marcus Sorensen.
13:45 of 2nd period - Shot Misses the Net.
13:47 of 2nd period - Shot by Alex Iafallo.
13:47 of 2nd period - Shot Misses the Net.
13:49 of 2nd period - Shot by Alex Iafallo.
13:49 of 2nd period - Stopped by Andrei Vasilevskiy with a rebound.
14:29 of 2nd period - Shot by Tyler Bertuzzi.
14:29 of 2nd period - Shot Blocked by Nick Leddy.
14:31 of 2nd period - Shot by Michael Frolik.
14:31 of 2nd period - Goal by Michael Frolik - Rangers : 2 - Bruins : 2.
14:32 of 2nd period - Brandon Pirri wins face-off versus Radek Faksa in neutral zone.
14:48 of 2nd period - Icing by Erik Cernak.
14:49 of 2nd period - Brandon Pirri wins face-off versus Vladimir Sobotka in Rangers zone.
14:49 of 2nd period - Brandon Pirri is hit by Marcus Sorensen.
14:57 of 2nd period - Shot by Dmitry Kulikov.
14:57 of 2nd period - Shot Blocked by Brady Skjei.
16:14 of 2nd period - Shot by Alex Iafallo.
16:14 of 2nd period - Shot Blocked by David Savard.
16:16 of 2nd period - Shot by Radek Faksa.
16:16 of 2nd period - Shot Blocked by Noel Acciari.
16:18 of 2nd period - Shot by Michael Frolik.
16:18 of 2nd period - Stopped by Andrei Vasilevskiy without a rebound.
16:19 of 2nd period - Radek Faksa wins face-off versus Connor McDavid in Rangers zone.
16:20 of 2nd period - Shot by Michael Frolik.
16:20 of 2nd period - Shot Blocked by Zach Hyman.
16:30 of 2nd period - Shot by Alex Iafallo.
16:30 of 2nd period - Deflect By Radek Faksa.
16:30 of 2nd period - Shot Misses the Net.
17:27 of 2nd period - Shot by Vladimir Sobotka.
17:27 of 2nd period - Shot Blocked by David Savard.
17:29 of 2nd period - Shot by Vladimir Sobotka.
17:29 of 2nd period - Stopped by Andrei Vasilevskiy without a rebound.
17:30 of 2nd period - Brandon Pirri wins face-off versus Adam Henrique in Rangers zone.
17:30 of 2nd period - Brandon Pirri is hit by Tyler Bertuzzi.
17:41 of 2nd period - Shot by Adam Henrique.
17:41 of 2nd period - Shot Blocked by Dmitry Kulikov.
17:43 of 2nd period - Shot by Carl Hagelin.
17:43 of 2nd period - Shot Blocked by Erik Cernak.
17:45 of 2nd period - Shot by Tyler Bertuzzi.
17:45 of 2nd period - Shot Misses the Net.
17:57 of 2nd period - Shot by Carl Hagelin.
17:57 of 2nd period - Shot Blocked by Dmitry Kulikov.
17:59 of 2nd period - Shot by Adam Henrique.
17:59 of 2nd period - Stopped by Andrei Vasilevskiy without a rebound.
18:00 of 2nd period - Noel Acciari wins face-off versus Vladimir Sobotka in Rangers zone.
18:00 of 2nd period - Noel Acciari is hit by Antoine Roussel.
18:09 of 2nd period - Brady Skjei is hit by David Savard and loses puck.
18:13 of 2nd period - Marcus Sorensen is hit by David Savard and loses puck.
18:15 of 2nd period - Minor Penalty to David Savard for Hooking.
18:16 of 2nd period - Nick Bonino wins face-off versus Lukas Vejdemo in Rangers zone.
18:37 of 2nd period - Shot by Jordan Oesterle.
18:37 of 2nd period - Stopped by Andrei Vasilevskiy without a rebound.
18:38 of 2nd period - Noel Acciari wins face-off versus Adam Henrique in Rangers zone.
18:44 of 2nd period - Icing by Colton White.
18:45 of 2nd period - Nick Bonino wins face-off versus Adam Henrique in Bruins zone.
18:55 of 2nd period - Icing by Alex Iafallo.
18:56 of 2nd period - Nick Bonino wins face-off versus Adam Henrique in Bruins zone.
Goals for this period are 1 for Rangers vs 1 for Bruins.
Shots for this period are 11 for Rangers vs 11 for Bruins.

3rd period


0:01 of 3rd period - Adam Henrique wins face-off versus Nick Bonino in neutral zone.
0:31 of 3rd period - Shot by Markus Nutivaara.
0:31 of 3rd period - Shot Misses the Net.
0:33 of 3rd period - Shot by Markus Nutivaara.
0:33 of 3rd period - Shot Misses the Net.
0:35 of 3rd period - Shot by Tanner Fritz.
0:35 of 3rd period - Stopped by Andrei Vasilevskiy with a rebound.
0:37 of 3rd period - Shot by Colton White.
0:37 of 3rd period - Shot Misses the Net.
0:39 of 3rd period - Shot by Lukas Vejdemo.
0:39 of 3rd period - Shot Misses the Net.
0:41 of 3rd period - Shot by Tanner Fritz.
0:41 of 3rd period - Stopped by Andrei Vasilevskiy without a rebound.
0:42 of 3rd period - Connor McDavid wins face-off versus Adam Henrique in Rangers zone.
1:18 of 3rd period - Minor Penalty to Tyler Bertuzzi for Tripping.
1:19 of 3rd period - Vladimir Sobotka wins face-off versus Noel Acciari in Bruins zone.
1:25 of 3rd period - Icing by Noel Acciari.
1:26 of 3rd period - Vladimir Sobotka wins face-off versus Zach Hyman in Rangers zone.
1:27 of 3rd period - Shot by Carl Hagelin.
1:27 of 3rd period - Deflect By Vladimir Sobotka.
1:27 of 3rd period - Stopped by Andrei Vasilevskiy without a rebound.
1:28 of 3rd period - Alexander Radulov wins face-off versus Vladimir Sobotka in Rangers zone.
1:28 of 3rd period - Alexander Radulov is hit by Vladimir Sobotka.
1:44 of 3rd period - Connor McDavid is hit by Brett Pesce and loses puck.
2:07 of 3rd period - Shot by David Savard.
2:07 of 3rd period - Stopped by Tristan Jarry with a rebound.
2:25 of 3rd period - Shot by Vladimir Sobotka.
2:25 of 3rd period - Stopped by Andrei Vasilevskiy without a rebound.
2:26 of 3rd period - Vladimir Sobotka wins face-off versus Noel Acciari in Rangers zone.
2:38 of 3rd period - Shot by Zach Hyman.
2:38 of 3rd period - Stopped by Tristan Jarry without a rebound.
2:39 of 3rd period - Vladimir Sobotka wins face-off versus Noel Acciari in Bruins zone.
2:50 of 3rd period - Shot by Radek Faksa.
2:50 of 3rd period - Stopped by Andrei Vasilevskiy without a rebound.
2:51 of 3rd period - Vladimir Sobotka wins face-off versus Connor McDavid in Rangers zone.
3:42 of 3rd period - Minor Penalty to Nick Leddy for Tripping.
3:43 of 3rd period - Adam Henrique wins face-off versus Nick Bonino in Rangers zone.
3:50 of 3rd period - Shot by Adam Henrique.
3:50 of 3rd period - Deflect By Alex Iafallo.
3:50 of 3rd period - Stopped by Andrei Vasilevskiy with a rebound.
3:52 of 3rd period - Shot by Marcus Sorensen.
3:52 of 3rd period - Stopped by Andrei Vasilevskiy with a rebound.
3:54 of 3rd period - Shot by Alex Iafallo.
3:54 of 3rd period - Stopped by Andrei Vasilevskiy with a rebound.
3:56 of 3rd period - Shot by Alex Iafallo.
3:56 of 3rd period - Shot Blocked by David Savard.
3:58 of 3rd period - Shot by Alex Iafallo.
3:58 of 3rd period - Shot Misses the Net.
4:00 of 3rd period - Shot by Alex Iafallo.
4:00 of 3rd period - Shot Blocked by Ryan McDonagh.
4:02 of 3rd period - Shot by Adam Henrique.
4:02 of 3rd period - Shot Misses the Net.
4:04 of 3rd period - Shot by Alex Iafallo.
4:04 of 3rd period - Shot Blocked by Ryan McDonagh.
4:06 of 3rd period - Shot by Marcus Sorensen.
4:06 of 3rd period - Shot Misses the Net.
4:08 of 3rd period - Shot by Adam Henrique.
4:08 of 3rd period - Shot Blocked by David Savard.
4:14 of 3rd period - Shot by Adam Henrique.
4:14 of 3rd period - Shot Misses the Net.
4:43 of 3rd period - Shot by Tyler Bertuzzi.
4:43 of 3rd period - Stopped by Andrei Vasilevskiy without a rebound.
4:44 of 3rd period - Noel Acciari wins face-off versus Lukas Vejdemo in Rangers zone.
5:05 of 3rd period - Shot by Jordan Oesterle.
5:05 of 3rd period - Stopped by Andrei Vasilevskiy without a rebound.
5:06 of 3rd period - Nick Bonino wins face-off versus Adam Henrique in Rangers zone.
5:17 of 3rd period - Shot by Markus Nutivaara.
5:17 of 3rd period - Shot Misses the Net.
5:19 of 3rd period - Shot by Alex Iafallo.
5:19 of 3rd period - Shot Misses the Net.
5:21 of 3rd period - Shot by Marcus Sorensen.
5:21 of 3rd period - Stopped by Andrei Vasilevskiy without a rebound.
5:22 of 3rd period - Lukas Vejdemo wins face-off versus Noel Acciari in Rangers zone.
5:23 of 3rd period - Shot by Brady Skjei.
5:23 of 3rd period - Shot Blocked by Matt Niskanen.
5:37 of 3rd period - Shot by Tyler Bertuzzi.
5:37 of 3rd period - Stopped by Andrei Vasilevskiy without a rebound.
5:38 of 3rd period - Adam Henrique wins face-off versus Nick Bonino in Rangers zone.
6:10 of 3rd period - Icing by Brett Pesce.
6:11 of 3rd period - Connor McDavid wins face-off versus Vladimir Sobotka in Bruins zone.
6:14 of 3rd period - Shot by Alexander Radulov.
6:14 of 3rd period - Goal by Alexander Radulov - Rangers : 3 - Bruins : 2.
6:15 of 3rd period - Adam Henrique wins face-off versus Connor McDavid in neutral zone.
6:20 of 3rd period - Shot by Carl Hagelin.
6:20 of 3rd period - Shot Blocked by Matt Niskanen.
6:22 of 3rd period - Shot by Adam Henrique.
6:22 of 3rd period - Stopped by Andrei Vasilevskiy without a rebound.
6:23 of 3rd period - Adam Henrique wins face-off versus Connor McDavid in Rangers zone.
6:26 of 3rd period - Shot by Carl Hagelin.
6:26 of 3rd period - Shot Blocked by Zach Hyman.
6:55 of 3rd period - Connor McDavid is hit by Brady Skjei and loses puck.
7:17 of 3rd period - Shot by Markus Nutivaara.
7:17 of 3rd period - Stopped by Andrei Vasilevskiy without a rebound.
7:18 of 3rd period - Noel Acciari wins face-off versus Vladimir Sobotka in Rangers zone.
8:12 of 3rd period - Icing by Antoine Roussel.
8:13 of 3rd period - Vladimir Sobotka wins face-off versus Brandon Pirri in Bruins zone.
8:13 of 3rd period - Marcus Sorensen is hit by Brandon Pirri and loses puck.
9:43 of 3rd period - Connor McDavid is hit by Brady Skjei and loses puck.
9:53 of 3rd period - Nick Leddy is hit by Brady Skjei and loses puck.
10:30 of 3rd period - Shot by Cam Atkinson.
10:30 of 3rd period - Stopped by Tristan Jarry without a rebound.
10:31 of 3rd period - Tanner Fritz wins face-off versus Nick Bonino in Bruins zone.
10:31 of 3rd period - Tanner Fritz is hit by Greg McKegg.
10:59 of 3rd period - Tanner Fritz is hit by Nick Bonino and loses puck.
12:04 of 3rd period - Shot by Cam Atkinson.
12:04 of 3rd period - Shot Misses the Net.
12:06 of 3rd period - Shot by Cam Atkinson.
12:06 of 3rd period - Stopped by Tristan Jarry without a rebound.
12:07 of 3rd period - Radek Faksa wins face-off versus Brandon Pirri in Bruins zone.
12:37 of 3rd period - Icing by Jordan Oesterle.
12:38 of 3rd period - Radek Faksa wins face-off versus Andrew Ladd in Bruins zone.
12:46 of 3rd period - Icing by Ryan McDonagh.
12:47 of 3rd period - Noel Acciari wins face-off versus Vladimir Sobotka in Rangers zone.
13:35 of 3rd period - Off-side.
13:36 of 3rd period - Adam Henrique wins face-off versus Connor McDavid in neutral zone.
13:55 of 3rd period - Shot by Carl Hagelin.
13:55 of 3rd period - Stopped by Andrei Vasilevskiy without a rebound.
13:56 of 3rd period - Nick Bonino wins face-off versus Radek Faksa in Rangers zone.
14:09 of 3rd period - Alex Iafallo is hit by Greg McKegg and loses puck.
14:14 of 3rd period - Radek Faksa is hit by Nick Bonino and loses puck.
15:01 of 3rd period - Nick Bonino is hit by Adam Henrique and loses puck.
15:14 of 3rd period - Tyler Bertuzzi is hit by Tom Kuhnhackl and loses puck.
15:29 of 3rd period - Off-side.
15:30 of 3rd period - Vladimir Sobotka wins face-off versus Connor McDavid in neutral zone.
15:58 of 3rd period - Shot by Alexander Radulov.
15:58 of 3rd period - Deflect By Connor McDavid.
15:58 of 3rd period - Stopped by Tristan Jarry without a rebound.
15:59 of 3rd period - Radek Faksa wins face-off versus Noel Acciari in Bruins zone.
16:21 of 3rd period - Minor Penalty to Noel Acciari for Holding.
16:22 of 3rd period - Devin Shore wins face-off versus Adam Henrique in Rangers zone.
16:37 of 3rd period - Shot by Marcus Sorensen.
16:37 of 3rd period - Stopped by Andrei Vasilevskiy without a rebound.
16:38 of 3rd period - Tyler Bertuzzi wins face-off versus Nick Bonino in Rangers zone.
16:43 of 3rd period - Shot by Jordan Oesterle.
16:43 of 3rd period - Stopped by Andrei Vasilevskiy without a rebound.
16:44 of 3rd period - Nick Bonino wins face-off versus Lukas Vejdemo in Rangers zone.
16:50 of 3rd period - Icing by Brady Skjei.
16:51 of 3rd period - Nick Bonino wins face-off versus Lukas Vejdemo in Bruins zone.
17:23 of 3rd period - Icing by Jordan Oesterle.
17:24 of 3rd period - Devin Shore wins face-off versus Lukas Vejdemo in Bruins zone.
18:06 of 3rd period - Shot by Alex Iafallo.
18:06 of 3rd period - Stopped by Andrei Vasilevskiy with a rebound.
19:00 of 3rd period - Shot by Dmitry Kulikov.
19:00 of 3rd period - Stopped by Tristan Jarry without a rebound.
19:01 of 3rd period - Nick Bonino wins face-off versus Adam Henrique in Bruins zone.
19:08 of 3rd period - Shot by Tom Kuhnhackl.
19:08 of 3rd period - Stopped by Tristan Jarry without a rebound.
19:09 of 3rd period - Nick Bonino wins face-off versus Adam Henrique in Bruins zone.
19:11 of 3rd period - Matt Niskanen is hit by Brady Skjei.
19:13 of 3rd period - Shot by Nick Bonino.
19:13 of 3rd period - Stopped by Tristan Jarry without a rebound.
19:14 of 3rd period - Nick Bonino wins face-off versus Adam Henrique in Bruins zone.
19:29 of 3rd period - Bruins, Tristan Jarry is pulled from the net.
19:35 of 3rd period - Shot by Adam Henrique.
19:35 of 3rd period - Stopped by Andrei Vasilevskiy without a rebound.
19:36 of 3rd period - Adam Henrique wins face-off versus Cam Atkinson in Rangers zone.
19:57 of 3rd period - Shot by Tyler Bertuzzi.
19:57 of 3rd period - Shot Misses the Net.
Goals for this period are 1 for Rangers vs 0 for Bruins.
Shots for this period are 9 for Rangers vs 19 for Bruins.